 Dungeon Crawl Stone Soup version 0.30-a0-292-g0f741e3f8e (webtiles) character file.

Game seed: 15216616180042080863

709 pascalblue the Gusty (level 7, 0/36 HPs)
             Began as a Deep Elf Air Elementalist on Oct 17, 2022.
             Slain by a kobold brigand
             ... wielding a +0 short sword
              (6 damage)
             ... on level 5 of the Dungeon.
             The game lasted 00:15:26 (4797 turns).

pascalblue the Gusty (Deep Elf Air Elementalist)    Turns: 4797, Time: 00:15:26

Health: 0/36       AC:  3    Str:  5    XL:     7   Next: 40%
Magic:  4/16       EV: 12    Int: 22    God:
Gold:   239        SH:  0    Dex: 15    Spells: 5/16 levels left

rFire   . . .      SeeInvis +    m - +3 spear (pain)
rCold   . . .      Faith    .    (no shield)
rNeg    . . .      Spirit   .    a - +1 robe
rPois   .          Reflect  .    (no helmet)
rElec   .          Harm     .    (no cloak)
rCorr   .          Rampage  .    (no gloves)
Will    .....                    (no boots)
Stlth   ++........               (no amulet)
HPRegen 0.26/turn                n - ring of see invisible
MPRegen 0.15/turn                (no ring)

@: no status effects
A: no striking features
a: no special abilities


You were on level 5 of the Dungeon.
You visited 2 branches of the dungeon, and saw 8 of its levels.

You collected 239 gold pieces.

Inventory:

Hand Weapons
 d - a +0 club
 m - a +3 spear of pain (weapon)
Missiles
 c - 34 stones
Armour
 a - a +1 robe (worn)
Jewellery
 n - a ring of see invisible (left hand)
Wands
 f - a wand of polymorph (5)
 o - a wand of digging (6)
Potions
 b - a potion of magic
 e - a potion of might {unknown}
 g - 4 potions of degeneration
 h - a potion of curing
 i - a potion of lignification {unknown}
 j - a potion of resistance {unknown}
 l - a potion of brilliance {unknown}
 p - a potion of haste {unknown}
 r - a potion of flight
 s - a potion of cancellation


   Skills:
 - Level 2.4 Dodging
 - Level 2.4 Stealth
 + Level 5.1 Spellcasting
 * Level 4.9 Conjurations
 * Level 4.2 Ice Magic
 * Level 5.3 Air Magic


You had 5 spell levels left.
You knew the following spells:

 Your Spells              Type           Power      Damage    Failure   Level
a - Shock                 Conj/Air       100%       1d9       1%          1
b - Static Discharge      Conj/Air       56%        2-5/arc   1%          2
c - Hailstorm             Conj/Ice       25%        3d7       4%          3
d - Swiftness             Air            29%        N/A       3%          3
e - Blink                 Tloc           10%        N/A       16%         2

Your spell library contained the following spells:

 Spells                   Type           Power      Damage    Failure   Level
 Momentum Strike          Conj/Tloc      32%        3d8       5%          2
 Ensorcelled Hibernation  Hex/Ice        28%        N/A       6%          2
 Apportation              Tloc           10%        N/A       10%         1
 Necrotise                Necr           20%        1d5       10%         1
 Summon Small Mammal      Summ           20%        N/A       10%         1
 Airstrike                Air            14%        2d(3-19)  11%         4
 Lesser Beckoning         Tloc           10%        N/A       30%         3
 Spider Form              Tmut/Pois      5%         N/A       30%         3
 Ice Form                 Ice/Tmut       14%        N/A       38%         4
 Anguish                  Hex/Necr       2%         N/A       69%         4
 Simulacrum               Ice/Necr       7%         N/A       100%        6


Dungeon Overview and Level Annotations

Branches:
Dungeon (7/15)             Temple (1/1) D:6

Altars:
Elyvilon
Fedhas
Kikubaaqudgha
Makhleb
Okawaru
The Shining One

Annotations:
D:3 2 runed translucent doors, koil's ghost, weakling SpEn
D:6 Duvessa; Edmund; Eustachio


Message History

The iguana closely misses you.
Casting: Static Discharge (safe; 1% risk of failure)
Confirm with . or Enter, or press ? or * to list all spells.
The iguana is struck by an arc of lightning.
You kill the iguana!
You are struck by an arc of lightning.
Casting: Static Discharge (safe; 1% risk of failure)
Confirm with . or Enter, or press ? or * to list all spells.
Aiming: Shock (safe; 1% risk of failure)
Press: ? - help, Shift-Dir - straight line The zap misses the kobold.
The zap hits the kobold!
You kill the kobold!
Casting: Shock (safe; 1% risk of failure)
Confirm with . or Enter, or press ? or * to list all spells.
The kobold brigand is struck by an arc of lightning.
The kobold brigand is moderately wounded.
You are struck by an arc of lightning.
The kobold brigand is struck by an arc of lightning.
The kobold brigand is moderately wounded.
The lightning grounds out.
The kobold brigand hits you with a +0 short sword.
Casting: Static Discharge (safe; 1% risk of failure)
Confirm with . or Enter, or press ? or * to list all spells.
The kobold brigand is struck by an arc of lightning.
The kobold brigand is heavily wounded.
You are struck by an arc of lightning.
The kobold brigand is struck by an arc of lightning.
The kobold brigand is severely wounded.
You are struck by an arc of lightning.
The lightning grounds out.
The kobold brigand hits you with a +0 short sword!
* * * LOW HITPOINT WARNING * * *
Casting: Static Discharge (safe; 1% risk of failure)
Confirm with . or Enter, or press ? or * to list all spells.
The kobold brigand is struck by an arc of lightning.
The kobold brigand is almost dead.
You are struck by an arc of lightning.
* * * LOW HITPOINT WARNING * * *
The lightning grounds out.
The kobold brigand hits you with a +0 short sword.
You die...

###.....# ..##
#......## ....
#......# .....
#......# .....
#......#
....).#......#
.....)#......#
......K......#
#@.....###
#........#
#........#
#........#
#........#
#####........#
#........#####
#........#
#........#


You could see a kobold brigand.

Vanquished Creatures
  A water moccasin (D:6)
  A sky beast (D:6)
  A gnoll sergeant (D:6)
  2 scorpions
  A jelly (D:6)
  A hound (D:6)
  A gnoll bouda (D:5)
  An iguana (D:5)
  7 adders
  8 gnolls
  2 worms (D:2)
  2 dart slugs
  6 ball pythons
  5 bats
  5 endoplasms
  A giant cockroach (D:1)
  3 hobgoblins
  7 jackals
  4 quokkas
  4 frilled lizards
  7 goblins
  5 kobolds
  3 rats
78 creatures vanquished.

Notes
Turn   | Place    | Note
-------+----------+-------------------------------------------
     0 | D:1      | pascalblue the Deep Elf Air Elementalist began the quest
                  | for the Orb.
     0 | D:1      | Reached XP level 1. HP: 10/10 MP: 6/6
   162 | D:1      | Reached XP level 2. HP: 15/15 MP: 4/8
   563 | D:1      | Learned a level 2 spell: Static Discharge
   947 | D:2      | Reached XP level 3. HP: 19/19 MP: 4/9
   951 | D:2      | Learned a level 3 spell: Hailstorm
  1557 | D:2      | Reached skill level 1 in Ice Magic
  1557 | D:2      | Reached XP level 4. HP: 24/24 MP: 8/11
  1835 | D:3      | Found a runed translucent door.
  1836 | D:3      | Noticed koil's ghost (weakling SpEn)
  1838 | D:3      | Noticed a bullfrog
  2589 | D:3      | Found a runed translucent door.
  3026 | D:4      | You fall into a shaft and drop 3 floors!
  3067 | D:6      | Noticed a scorpion
  3077 | D:6      | Killed a scorpion
  3078 | D:6      | Reached XP level 5. HP: 17/28 MP: 4/13
  3195 | D:6      | Reached XP level 6. HP: 17/32 MP: 3/14
  3298 | D:6      | Learned a level 3 spell: Swiftness
  3408 | D:6      | Noticed a water moccasin
  3416 | D:6      | Killed a water moccasin
  3509 | D:6      | Found a staircase to the Ecumenical Temple.
  3562 | Temple   | Entered the Ecumenical Temple
  3737 | D:6      | Noticed Edmund
  3894 | D:6      | Noticed Duvessa
  4112 | D:6      | Noticed a sky beast
  4149 | D:6      | Killed a sky beast
  4150 | D:6      | Reached skill level 5 in Air Magic
  4150 | D:6      | Reached XP level 7. HP: 2/36 MP: 14/16
  4288 | D:6      | Learned a level 2 spell: Blink
  4379 | D:6      | Noticed Eustachio
  4479 | D:5      | Entered Level 5 of the Dungeon
  4530 | D:5      | Reached skill level 5 in Spellcasting
  4797 | D:5      | Slain by a kobold brigand

Illustrated notes

Levels and vault maps discovered:
D:1:      erik_arrival_blinker_ship, layout_rooms, minmay_pentomino_u2
D:2:      layout_loops_ring, kennysheep_generic_room_3
D:3:      layout_loops_ring, ebering_ghost_sewer_f
D:4:      layout_layer_cave
D:5:      layout_gridville, minitemple
D:6:      layout_loops_corners, minmay_temple_entry_arrows,
          kennysheep_big_empty_room, uniq_edmund, uniq_maggie, uniq_duvessa,
          uniq_eustachio
D:7:      minmay_the_grid_triangle_9x9_recursive_2
          [minmay_the_grid_triangle_9x9_prize_special,
          minmay_the_grid_triangle_9x9_wacky_v,
          minmay_the_grid_triangle_9x9_zippers_vertical,
          minmay_the_grid_triangle_9x9_flanged_cone], layout_rooms,
          gammafunk_ghost_necromancy, nicolae_shop_firing_range
Temple:   hellmonk_temple_flake

Skill      XL: |  1  2  3  4  5  6  7 |
---------------+----------------------+-----
Conjurations   | 2 3 4 |  4.9
Ice Magic      | 1 2 3 4 |  4.2
Spellcasting   | 4 5 |  5.1
Air Magic      | 4 5 |  5.3
Dodging        | |  2.4
Stealth        | |  2.4

Action                   |  1- 3 |  4- 6 |  7- 9 || total
-------------------------+-------+-------+-------++-------
Melee: Unarmed           |     6 |       |       ||     6
       Spear             |       |    24 |       ||    24
 Cast: Shock             |    82 |    84 |    12 ||   178
       Static Discharge  |     1 |     9 |    10 ||    20
       Hailstorm         |       |     1 |     1 ||     2
  Use: Scroll            |       |    10 |     1 ||    11
       Potion            |       |     3 |       ||     3
Armor: Robe              |     1 |    10 |     2 ||    13
Dodge: Dodged            |    16 |    19 |     6 ||    41

Table legend: (Time is in decaauts)
 A = Elapsed time spent in this place.
 B = Non-inter-level travel time spent in this place.
 C = Inter-level travel time spent in this place.
 D = Time resting spent in this place.
 E = Time spent auto-exploring this place.
 F = Levels seen in this place.
 G = Mean time per level.
                   A        B        C        D        E       F      G
               +--------+--------+--------+--------+--------+-----+--------+
         Total |   4797 |   4739 |     58 |    503 |   3326 |   8 |  599.6 |
       Dungeon |   4643 |   4585 |     58 |    503 |   3193 |   7 |  663.3 |
        Temple |    153 |    153 |      0 |      0 |    133 |   1 |  153.0 |
               +--------+--------+--------+--------+--------+-----+--------+

Top non-repeatable levels by time:
     D:6: 1260 daAuts
     D:2: 1055 daAuts
     D:3: 922 daAuts
     D:1: 757 daAuts
     D:5: 317 daAuts
     D:4: 288 daAuts
  Temple: 153 daAuts
     D:7: 40 daAuts
